 Dungeon Crawl Stone Soup version 0.31-a0-441-g867994ef1c (webtiles) character file.

Game seed: 17830642823362170243

7 drugrobin the Sneak (level 1, 0/18 HPs)
             Began as a Demigod Delver on Aug 2, 2023.
             Slain by an orc
             ... wielding a +0 falchion
              (3 damage)
             ... on level 3 of the Dungeon.
             The game lasted 00:04:48 (328 turns).

drugrobin the Sneak (Demigod Delver)                 Turns: 328, Time: 00:04:48

Health: 0/18       AC:  3    Str: 13    XL:     1   Next: 73%
Magic:  3/3        EV: 11    Int: 12    God:
Gold:   0          SH:  0    Dex: 15    Spells: 0/0 levels left

rFire   . . .        a - +0 hand axe
rCold   . . .        (no shield)
rNeg    . . .        b - +0 leather armour
rPois   .            (no helmet)
rElec   .            (no cloak)
rCorr   .            (no gloves)
SInv    .            (no boots)
Will    .....        (no amulet)
Stlth   +++          (no ring)
HPRegen 0.23/turn    (no ring)
MPRegen 0.08/turn

%: no passive effects
@: no status effects
A: high MP 1, forlorn, divine attributes
a: no special abilities


You were on level 3 of the Dungeon.
You visited 1 branch of the dungeon, and saw 3 of its levels.

Inventory:

Hand Weapons
 a - a +0 hand axe (weapon)
 e - a +0 trident
Armour
 b - a +0 leather armour (worn)
 d - a +0 chain mail
Wands
 g - a wand of digging (3)
Scrolls
 c - a scroll of fog


   Skills:
 - Level 2.6 Fighting
 + Level 2.4 Axes
 - Level 1.7 Dodging
 - Level 4.5 Stealth


You couldn't memorise any spells.
You didn't know any spells.
Your spell library was empty.

Dungeon Overview and Level Annotations

Branches:
Dungeon (5/15)
 Temple: D:4-7

Annotations:
D:3 exclusion: adder, Terence


Innate Abilities, Weirdness & Mutations

You have an increased reservoir of magic. (+10% MP)
You shall have no god before yourself.
Your divine heritage dramatically boosts your attributes as you level up.


Message History

You hit the orc.
You kill the orc!
You closely miss the kobold.
The kobold hits you with a +0 short sword.
You barely miss the kobold.
The kobold hits you with a +0 short sword.
The kobold hits you but does no damage.
You closely miss the kobold.
The kobold hits you with a +0 short sword.
You hit the kobold.
The kobold is severely wounded.
The kobold hits you with a +0 short sword.
* * * LOW HITPOINT WARNING * * *
Unknown command.
You hit the kobold but do no damage.
The kobold is severely wounded.
The kobold misses you.
Unknown command.
Okay, then.
Unknown command.
You closely miss the kobold.
The kobold is severely wounded.
The kobold barely misses you.
Unknown command.
Unknown command.
You hit the kobold.
You kill the kobold!
The orc hits you with a +0 falchion.
* * * LOW HITPOINT WARNING * * *
Unknown command.
Unknown command.
Okay, then.
You aren't carrying any potions.
Unknown command.
Unknown command.
As you read the scroll labelled NEOTZI XANIRAY, it crumbles to dust.
It is a scroll of identify.
You don't currently have any unidentified items.
The orc hits you with a +0 falchion.
You die...

.#
#.########...
..#....
#.goK....#
#####...S
########g#
........#
#..o# #.#.#
#..K# #.#..
#...# #.###
###.# #....
#.########..
#####
#.go@.......
##########..
......#
#@....#
#.....#
#....)#


You could see a gnoll and an orc.

Vanquished Creatures
  2 orcs (D:3)
  An endoplasm (D:3)
  A kobold (D:3)
  2 rats (D:3)
6 creatures vanquished.

Notes
Turn   | Place    | Note
-------+----------+-------------------------------------------
     0 | D:5      | drugrobin the Demigod Delver began the quest for the Orb.
     0 | D:5      | Reached XP level 1. HP: 18/18 MP: 3/3
    46 | D:5      | Noticed a phantom
    56 | D:5      | Noticed an ogre
    58 | D:5      | Noticed an orc wizard
    59 | D:5      | Noticed an orc wizard
    62 | D:4      | Noticed a black bear
    62 | D:4      | Noticed a hound
   107 | D:3      | Noticed Terence
   127 | D:4      | Noticed an ogre
   236 | D:3      | Upgraded the game from 0.31-a0-435-g2c6fae2916 to
                  | 0.31-a0-441-g867994ef1c
   328 | D:3      | Slain by an orc

Illustrated notes

Levels and vault maps discovered:
D:3:      minmay_inner_zag, layout_basic, uniq_terence, uniq_natasha, uniq_robin
D:4:      layout_loops_ring, nzn_wu_jian_council_hall,
          gammafunk_temple_overflow_elements, mainiacjoe_overflow_catch_the_wave
D:5:      layout_loops_ring, grunt_temple_overflow_growth_and_decay,
          mainiacjoe_overflow_paths, st_stairs_6, serial_park_tiny_pond,
          chequers_serial_rivers_room_b, uniq_blork_the_orc

Skill      XL: |  1 |
---------------+----+-----
Axes           | 2 |  2.4
Fighting       | |  2.6
Dodging        | |  1.7
Stealth        | |  4.5

Action                     || total
---------------------------++-------
  Melee: Hand axe          ||    27
    Use: Scroll            ||     3
         Potion            ||     1
   Stab: Sleeping          ||     1
 Armour: Leather armour    ||     6
  Dodge: Dodged            ||    13

Table legend: (Time is in decaauts)
 A = Elapsed time spent in this place.
 B = Non-inter-level travel time spent in this place.
 C = Inter-level travel time spent in this place.
 D = Time resting spent in this place.
 E = Time spent auto-exploring this place.
 F = Levels seen in this place.
 G = Mean time per level.
                   A        B        C        D        E       F      G
               +--------+--------+--------+--------+--------+-----+--------+
         Total |    315 |    275 |     40 |     21 |      0 |   3 |  105.0 |
       Dungeon |    315 |    275 |     40 |     21 |      0 |   3 |  105.0 |
               +--------+--------+--------+--------+--------+-----+--------+

Top non-repeatable levels by time:
     D:3: 208 daAuts
     D:5: 60 daAuts
     D:4: 46 daAuts
